 Dungeon Crawl Stone Soup version 0.30-a0-389-g8d7d949 (webtiles) character file.

Game seed: 891919126889289067

298 BarneyGumball the Ruffian (level 6, -8/48 HPs)
             Began as a Ghoul Gladiator on Dec 3, 2022.
             Killed from afar by Natasha (10 damage)
             ... with a bolt of dispelling energy
             ... on level 3 of the Dungeon.
             The game lasted 00:07:03 (2349 turns).

BarneyGumball the Ruffian (Ghoul Gladiator)         Turns: 2349, Time: 00:07:03

Health: -8/48      AC:  5    Str: 20    XL:     6   Next: 35%
Magic:  5/5        EV: 12    Int:  3    God:
Gold:   110        SH:  0    Dex: 10    Spells: 5/5 levels left

rFire   . . .      SeeInvis +      - Unarmed
rCold   + . .      Faith    .    (no shield)
rNeg    + + +      Spirit   .    a - +0 leather armour
rPois   ∞          Reflect  .    b - +0 helmet
rElec   .          Harm     .    (no cloak)
rCorr   .          Rampage  .    (no gloves)
Will    .....                    p - +0 pair of boots
Stlth   +.........               (no amulet)
HPRegen 0.00/turn                r - ring of see invisible
MPRegen 0.09/turn                (no ring)

@: inhibited regen
A: claws 1, cold resistance 1, negative energy resistance 3, inhibited
regeneration, torment resistance 2, devour on kill
a: no special abilities


You were on level 3 of the Dungeon.
You visited 1 branch of the dungeon, and saw 3 of its levels.

You collected 110 gold pieces.

Inventory:

Missiles
 c - 2 throwing nets (quivered)
 d - a javelin
Armour
 a - a +0 leather armour (worn)
 b - a +0 helmet (worn)
 p - a +0 pair of boots (worn)
Jewellery
 r - a ring of see invisible (left claw)
Scrolls
 h - a scroll of identify {unknown}
 k - a scroll of immolation {unknown}
 m - a scroll of fog
 n - a scroll of teleportation
 o - a scroll of amnesia {unknown}
 s - a scroll of magic mapping {unknown}
Potions
 e - a potion of flight {unknown}
 f - a potion of mutation {unknown}
 g - a potion of heal wounds {unknown}
 i - a potion of magic {unknown}
 j - 2 potions of brilliance {unknown}
 l - a potion of attraction {unknown}
 q - a potion of ambrosia {unknown}


   Skills:
 - Level 2.1 Fighting
 - Level 1.7 Throwing
 + Level 2.5 Armour
 - Level 3.7 Dodging
 * Level 6.0 Unarmed Combat


You had 5 spell levels left.
You didn't know any spells.
Your spell library was empty.

Dungeon Overview and Level Annotations

Branches:
Dungeon (3/15)

Altars:

Annotations:
D:3 Natasha


Innate Abilities, Weirdness & Mutations

You are immune to poison.
You have sharp fingernails.
Your flesh is cold resistant. (rC+)
You are immune to negative energy. (rN+++)
You do not regenerate when monsters are visible.
You are immune to unholy pain and torment.
You thrive by killing the living.


Message History

You claw the adder!
You kill the adder!
Natasha zaps a wand.
The bolt of dispelling energy hits you!
Your Unarmed Combat skill increases to level 6!
Found a scroll labelled NOTARA QETS.
Natasha barely misses you.
You scratch Natasha.
Natasha is moderately wounded.
Natasha claws you.
You closely miss Natasha. Your claw misses Natasha.
Natasha is moderately wounded.
Natasha zaps a wand.
The bolt of dispelling energy misses you.
You completely miss Natasha.
Natasha is moderately wounded.
Natasha casts a spell.
You scratch Natasha. You claw Natasha.
Natasha is heavily wounded.
You closely miss Natasha.
Natasha is heavily wounded.
Natasha misses you.
You barely miss Natasha.
Natasha is heavily wounded.
Natasha zaps a wand.
The bolt of dispelling energy hits you!!
* * * LOW HITPOINT WARNING * * *
Throw: 4 throwing nets
Press: ? - help, Q - select action, (/) - cycle Shift-Dir - straight line, f - Natasha
Aim: Natasha, carrying a wand of quicksilver (5) (heavily wounded, 47% to hit)
You throw a throwing net. The throwing net barely misses Natasha.
The throwing net barely misses the crimson imp.
Natasha claws you.
* * * LOW HITPOINT WARNING * * *
Throw: 3 throwing nets
Press: ? - help, Q - select action, (/) - cycle Shift-Dir - straight line, f/p - Natasha
Aim: Natasha, carrying a wand of quicksilver (5) (heavily wounded, 47% to hit)
You throw a throwing net.
The throwing net closely misses Natasha.
The throwing net barely misses the crimson imp.
Natasha zaps a wand.
The bolt of dispelling energy hits you!
You die...

#.......#.#####
.?(.#.......#.#
...#########.# .<.
#.# ... #.# #'#
#.# #5# #.# #h#
#.# #@# #.# #.#
#.##### #.#
#......
#.###############.
#.................
#################.
##


You could see Natasha and a crimson imp (summoned).

Vanquished Creatures
  A phantom (D:2)
  Natasha (D:3)
  Terence (D:3)
  4 adders
  5 gnolls
  A dart slug (D:3)
  4 orcs (D:2)
  4 ball pythons
  9 endoplasms
  7 giant cockroaches
  6 goblins
  2 hobgoblins
  10 jackals
  2 quokkas
  6 bats
  A frilled lizard (D:3)
  4 kobolds
  12 rats
80 creatures vanquished.

Notes
Turn   | Place    | Note
-------+----------+-------------------------------------------
     0 | D:1      | BarneyGumball the Ghoul Gladiator began the quest for the
                  | Orb.
     0 | D:1      | Reached XP level 1. HP: 17/17 MP: 0/0
    12 | D:1      | Reached XP level 2. HP: 24/24 MP: 1/1
   312 | D:1      | Reached skill level 4 in Unarmed Combat
   312 | D:1      | Reached XP level 3. HP: 29/29 MP: 2/2
   387 | D:1      | Reached skill level 1 in Armour
   688 | D:2      | Reached XP level 4. HP: 36/36 MP: 3/3
   694 | D:2      | Noticed a phantom
   707 | D:2      | Killed a phantom
   708 | D:2      | Reached skill level 5 in Unarmed Combat
   708 | D:2      | Reached XP level 5. HP: 25/41 MP: 4/4
   759 | D:2      | Found a faded altar of an unknown god.
  1678 | D:3      | Reached XP level 6. HP: 48/48 MP: 5/5
  1867 | D:3      | Noticed Natasha
  1880 | D:3      | Killed Natasha
  1916 | D:3      | Noticed Terence
  2013 | D:3      | Killed Terence
  2335 | D:3      | Noticed Natasha
  2341 | D:3      | Reached skill level 6 in Unarmed Combat
  2348 | D:3      | HP: 2/48 [Natasha (6)]
  2349 | D:3      | Killed from afar by Natasha

Illustrated notes

Levels and vault maps discovered:
D:1:      amcnicky_arrival_double_pillar, layout_rooms
D:2:      layout_basic, dreamdust_ecumenical_altar_angels_and_demons,
          cheibrodos_gnoll_hut
D:3:      layout_basic, uniq_terence, uniq_natasha

Skill      XL: |  1  2  3  4  5  6 |
---------------+-------------------+-----
Dodging        | 3 |  3.7
Unarmed Combat | 4 5 6 |  6.0
Armour         | 1 2 |  2.5
Fighting       | |  2.1
Throwing       | |  1.7

Action                   |  1- 3 |  4- 6 || total
-------------------------+-------+-------++-------
Melee: Unarmed           |    96 |   165 ||   261
       Punch             |       |     8 ||     8
Throw: Throwing net      |       |     2 ||     2
  Use: Scroll            |       |     2 ||     2
Armor: Leather armour    |    27 |    33 ||    60
Dodge: Dodged            |    61 |    78 ||   139

Table legend: (Time is in decaauts)
 A = Elapsed time spent in this place.
 B = Non-inter-level travel time spent in this place.
 C = Inter-level travel time spent in this place.
 D = Time resting spent in this place.
 E = Time spent auto-exploring this place.
 F = Levels seen in this place.
 G = Mean time per level.
                   A        B        C        D        E       F      G
               +--------+--------+--------+--------+--------+-----+--------+
         Total |   2338 |   2290 |     48 |      0 |   1793 |   3 |  779.3 |
       Dungeon |   2338 |   2290 |     48 |      0 |   1793 |   3 |  779.3 |
               +--------+--------+--------+--------+--------+-----+--------+

Top non-repeatable levels by time:
     D:2: 1059 daAuts
     D:3: 726 daAuts
     D:1: 552 daAuts
